 Dungeon Crawl Stone Soup version 0.24.1-11-gbbbb2193e6 (webtiles) character file.

Game seed: 7475383674584421620, levelgen mode: deterministic

91 Hugehornet the Cudgeler (level 4, -4/28 HPs)
             Began as a Gargoyle Fighter on May 15, 2020.
             Killed by divine providence
             ... invoked by an orc priest
              (10 damage)
             ... on level 3 of the Dungeon.
             The game lasted 00:03:01 (1570 turns).

Hugehornet the Cudgeler (Gargoyle Fighter)          Turns: 1570, Time: 00:03:01

Health: -4/28      AC: 10    Str: 21    XL:     4   Next: 59%
Magic:  4/4        EV:  7    Int:  8    God:
Gold:   78         SH:  9    Dex:  9    Spells: 3/3 levels left

rFire    . . .     SeeInvis +   a - +0 flail
rCold    . . .     Gourm    .   c - +0 shield
rNeg     + . .     Faith    .   b - +0 scale mail
rPois    ∞         Spirit   .   (no helmet)
rElec    +         Reflect  .   (no cloak)
rCorr    .         Harm     .   (no gloves)
MR       .....                  (no boots)
Stlth    ..........             (no amulet)
HPRegen  0.09/turn              i - ring of attention (curse)
MPRegen  0.09/turn              j - ring of see invisible

@: no status effects
A: negative energy resistance 1, electricity resistance, unbreathing,
petrification resistance, rot immunity, AC +3
a: no special abilities


You were on level 3 of the Dungeon.
You were not hungry.

You visited 1 branch of the dungeon, and saw 3 of its levels.

You collected 78 gold pieces.

Inventory:

Hand Weapons
 a - a +0 flail (weapon)
Armour
 b - a +0 scale mail (worn)
 c - a +0 shield (worn)
Jewellery
 i - a cursed ring of attention (left hand)
 j - a ring of see invisible (right hand)
Scrolls
 e - 2 scrolls of remove curse {unknown}
 g - a scroll of blinking {unknown}
 l - 3 scrolls of identify {unknown}
Potions
 d - a potion of might
 k - a potion of berserk rage {unknown}
 m - a potion of flight {unknown}
 n - a potion of curing {unknown}
Comestibles
 f - 7 rations
 o - 2 chunks of flesh


   Skills:
 - Level 3.2 Fighting
 + Level 4.6 Maces & Flails
 - Level 3.2 Armour
 - Level 3.2 Shields


You had 3 spell levels left.
You didn't know any spells.
Your spell library was empty.

Dungeon Overview and Level Annotations

Branches:
Dungeon (3/15)

Altars:
Nemelex Xobeh
Sif Muna
Trog


Innate Abilities, Weirdness & Mutations

You are resistant to torment.
Your stone body is resilient. (AC +3)
You are immune to poison.
You resist negative energy. (rN+)
You are resistant to electric shocks. (rElec)
You can survive without breathing.
You are immune to petrification.
You are immune to rotting.


Message History

You block the orc priest's attack.
You completely miss the orc priest.
The orc priest is heavily wounded.
You block the orc wizard's attack.
The orc priest hits you but does no damage.
The orc wizard hits you but does no damage.
You hit the orc priest.
The orc priest is severely wounded.
The orc priest barely misses you.
The orc wizard hits you but does no damage.
You hit the orc priest but do no damage.
The orc priest is severely wounded.
The orc priest invokes the aid of Beogh against you.
Pain shoots through your body!
* * * LOW HITPOINT WARNING * * *
The orc wizard mumbles some strange words.
The orc wizard flickers and vanishes for a moment.
The orc priest invokes the aid of Beogh against you.
Beogh smites you!
You die...

. #.##)###....# ..##)#
#.##....# ####.
.####.###..####.##.....
.# #(..##..### .......
.. ###.<.#...##.......
###......#.......
#####..#.......
###.............
#o@o###......... #.###
####oo.... #.# .o....
#....# ..... .....####
..o.. .### ...o ....


You could see an orc priest and an orc wizard (invisible).

Vanquished Creatures
  4 gnolls (D:3)
  An adder (D:2)
  A worm (D:3)
  2 dart slugs (D:2)
  An orc (D:3)
  2 giant cockroaches (D:2)
  3 goblins
  2 hobgoblins
  5 kobolds
  2 quokkas (D:2)
  A ball python (D:2)
  5 bats
  5 frilled lizards
  7 rats
41 creatures vanquished.

Notes
Turn   | Place    | Note
-------+----------+-------------------------------------------
     0 | D:1      | Hugehornet the Gargoyle Fighter began the quest for the
                  | Orb.
     0 | D:1      | Reached XP level 1. HP: 14/14 MP: 1/1
   382 | D:1      | Reached XP level 2. HP: 19/19 MP: 2/2
   769 | D:2      | Reached skill level 3 in Maces & Flails
   797 | D:2      | Found a bloodstained altar of Trog.
   932 | D:2      | Reached XP level 3. HP: 23/23 MP: 3/3
  1212 | D:2      | Found a sparkling altar of Nemelex Xobeh.
  1218 | D:2      | Found a shimmering blue altar of Sif Muna.
  1362 | D:3      | Reached skill level 4 in Maces & Flails
  1365 | D:3      | Reached XP level 4. HP: 7/28 MP: 4/4
  1570 | D:3      | Killed from afar by an orc priest

Levels and vault maps discovered:
D:1:      dpeg_arrival_long_road, layout_loops_ring, roderic_malta_cross
D:2:      layout_basic, bloody_trog, amethyst_overflow_temple_binary,
          first_ration
D:3:      layout_rooms, chequers_temple_overflow_statue_of_worship,
          nicolae_overflow_hidden_temple, minmay_box_of_dots

Skill      XL: |  1  2  3 |
---------------+----------+-----
Maces & Flails | 3 4 |  4.6
Fighting       | |  3.2
Armour         | |  3.2
Shields        | |  3.2

Action                   |  1- 3 |  4- 6 || total
-------------------------+-------+-------++-------
Melee: Flail             |   118 |    40 ||   158
  Use: Potion            |       |     1 ||     1
  Eat: Chunk             |     1 |     1 ||     2
Armor: Scale mail        |    62 |    24 ||    86
Dodge: Dodged            |    38 |    18 ||    56
Block: Shield            |    68 |    21 ||    89
